TOP OF THE 1ST |
New York Yankees batting - Pitching for Minnesota Twins : RHP T.J. Hirst
|
Pitching: RHP T.J. Hirst
|
|
Batting: LHB Jason Peck
|
0-0: Swinging Strike 0-1: Ball 1-1: Foul Ball, location: 2F 1-2: Ball 2-2: Strikes out swinging
|
Batting: RHB C.J. Richerson
|
0-0: Ball 1-0: Called Strike 1-1: Ground out 4-3 (Groundball, 4S, EV 64.4 MPH)
|
Batting: SHB Bartholomeu Chambino
|
0-0: Ball 1-0: Ball 2-0: SINGLE (Groundball, 4M, EV 105.6 MPH) (infield hit)
|
Batting: LHB David Bramble
|
0-0: Foul Ball, location: 2F 0-1: Ball 1-1: Ball 2-1: Foul Ball, location: 2F 2-2: DOUBLE (Groundball, 3L, EV 100.0 MPH) Bartholomeu Chambino to third
|
Batting: LHB Evan Torraville
|
0-0: Foul Ball, location: 2F 0-1: Ball 1-1: Foul Ball, location: 2F 1-2: Foul Ball, location: 2F 1-2: Foul Ball, location: 2F 1-2: Fly out, F4 (Popup, 34, EV 58.1 MPH)
|
Top of the 1st over - 0 runs, 2 hits, 0 errors, 2 left on base; New York 0 - Minnesota 0 |
BOTTOM OF THE 1ST |
Minnesota Twins batting - Pitching for New York Yankees : LHP Zach Purvis
|
Pitching: LHP Zach Purvis
|
|
Batting: RHB Yonetoshi Muranaka
|
0-0: Ball 1-0: Called Strike 1-1: Ball 2-1: Foul Ball, location: 2F 2-2: Ball 3-2: Ground out 6-3 (Groundball, 6, EV 86.9 MPH)
|
Batting: RHB Jared McClernon
|
0-0: Ball 1-0: DOUBLE (Flyball, 7LD, EV 99.4 MPH)
|
Batting: LHB Kevin Bellman
|
0-0: Ball 1-0: Called Strike 1-1: Fly out, F7 (Flyball, 7LS, EV 84.4 MPH)
|
Batting: RHB Jesus Chavez
|
0-0: Ball 1-0: Called Strike 1-1: Foul Ball, location: 2F 1-2: Foul Ball, location: 2F 1-2: Strikes out swinging
|
Bottom of the 1st over - 0 runs, 1 hit, 0 errors, 1 left on base; New York 0 - Minnesota 0 |
TOP OF THE 2ND |
New York Yankees batting - Pitching for Minnesota Twins : RHP T.J. Hirst
|
Pitching: RHP Steffen Joseph
|
|
Batting: LHB Jim Skare
|
0-0: Swinging Strike 0-1: Fly out, F9 (Flyball, 9, EV 79.4 MPH)
|
Batting: RHB Geni Prawiranega
|
0-0: Called Strike 0-1: Swinging Strike 0-2: Strikes out looking
|
Batting: LHB Yao-pang Tien
|
0-0: Called Strike 0-1: Ball 1-1: SINGLE (Line Drive, 78S, EV 110.6 MPH)
|
Batting: RHB Kai Bellow
|
Pickoff Throw to First - Out! 1-3
|
Top of the 2nd over - 0 runs, 1 hit, 0 errors, 0 left on base; New York 0 - Minnesota 0 |
BOTTOM OF THE 2ND |
Minnesota Twins batting - Pitching for New York Yankees : LHP Zach Purvis
|
Batting: SHB Buster Hyman
|
0-0: Ball 1-0: Ball 2-0: Called Strike 2-1: Swinging Strike 2-2: Ball 3-2: Base on Balls
|
Batting: RHB Josh Zoglmann
|
0-0: Ball 1-0: Called Strike 1-1: Called Strike 1-2: SINGLE (Flyball, 4MD, EV 90.0 MPH) Buster Hyman to second
|
Batting: LHB Sadamu Noguchi
|
0-0: Fly out, F7 (Flyball, 7LS, EV 90.0 MPH)
|
Batting: RHB Väinö Tapaninen
|
0-0: Swinging Strike 0-1: Ball 1-1: Swinging Strike 1-2: Ball 2-2: Strikes out looking
|
Batting: RHB Vinny Luna
|
0-0: Foul Ball, location: 2F 0-1: Swinging Strike 0-2: Ball Passed Ball! Buster Hyman to third Josh Zoglmann to second 1-2: Strikes out swinging
|
Bottom of the 2nd over - 0 runs, 1 hit, 0 errors, 2 left on base; New York 0 - Minnesota 0 |
TOP OF THE 3RD |
New York Yankees batting - Pitching for Minnesota Twins : RHP Steffen Joseph
|
Batting: RHB Kai Bellow
|
0-0: Called Strike 0-1: Foul Ball, location: 2F 0-2: Ball 1-2: Strikes out looking
|
Batting: LHB Jason Peck
|
0-0: Foul Ball, location: 2F 0-1: Ball 1-1: Ball 2-1: Foul Ball, location: 2F 2-2: Fly out, F8 (Flyball, 8LXD, EV 102.5 MPH)
|
Batting: RHB C.J. Richerson
|
0-0: Swinging Strike 0-1: Ball 1-1: Foul Ball, location: 2F 1-2: Ball 2-2: Ball 3-2: Strikes out swinging
|
Top of the 3rd over - 0 runs, 0 hits, 0 errors, 0 left on base; New York 0 - Minnesota 0 |
BOTTOM OF THE 3RD |
Minnesota Twins batting - Pitching for New York Yankees : LHP Zach Purvis
|
Batting: RHB Yonetoshi Muranaka
|
0-0: Ball 1-0: Called Strike 1-1: Ball 2-1: Foul Ball, location: 2F 2-2: Foul Ball, location: 2F 2-2: Foul Ball, location: 2F 2-2: Strikes out swinging
|
Batting: RHB Jared McClernon
|
0-0: Ball 1-0: Ground out 5-3 (Groundball, 5L, EV 96.9 MPH)
|
Batting: LHB Kevin Bellman
|
0-0: Called Strike 0-1: Ground out 6-3 (Groundball, 4MS, EV 90.6 MPH)
|
Bottom of the 3rd over - 0 runs, 0 hits, 0 errors, 0 left on base; New York 0 - Minnesota 0 |
TOP OF THE 4TH |
New York Yankees batting - Pitching for Minnesota Twins : RHP Steffen Joseph
|
Batting: SHB Bartholomeu Chambino
|
0-0: SOLO HOME RUN (Flyball, 78XD, EV 101.3 MPH), Distance : 385 ft
|
Batting: LHB David Bramble
|
0-0: Ground out 4-3 (Groundball, 4, EV 88.1 MPH)
|
Batting: LHB Evan Torraville
|
0-0: Ball 1-0: Ball 2-0: SINGLE (Groundball, 6MD, EV 95.6 MPH)
|
Batting: LHB Jim Skare
|
0-0: Ball Evan Torraville is caught stealing 2nd base 2-6 1-0: Foul Ball, location: 2F 1-1: Swinging Strike 1-2: Strikes out swinging
|
Top of the 4th over - 1 run, 2 hits, 0 errors, 0 left on base; New York 1 - Minnesota 0 |
BOTTOM OF THE 4TH |
Minnesota Twins batting - Pitching for New York Yankees : LHP Zach Purvis
|
Batting: RHB Jesus Chavez
|
0-0: Ground out 6-3 (Groundball, 6, EV 86.3 MPH)
|
Batting: SHB Buster Hyman
|
0-0: Ball 1-0: Ball 2-0: Called Strike 2-1: Ball 3-1: Base on Balls
|
Batting: RHB Josh Zoglmann
|
0-0: Ball 1-0: Fly out, F9 (Flyball, 9, EV 82.5 MPH)
|
Batting: LHB Sadamu Noguchi
|
0-0: Swinging Strike 0-1: Swinging Strike 0-2: Ball 1-2: Fly out, F6 (Popup, 6, EV 54.4 MPH)
|
Bottom of the 4th over - 0 runs, 0 hits, 0 errors, 1 left on base; New York 1 - Minnesota 0 |
TOP OF THE 5TH |
New York Yankees batting - Pitching for Minnesota Twins : RHP Steffen Joseph
|
Batting: RHB Geni Prawiranega
|
0-0: Called Strike 0-1: Ball 1-1: Ground out 6-3 (Groundball, 6, EV 80.6 MPH)
|
Batting: LHB Yao-pang Tien
|
0-0: Foul Ball, location: 2F 0-1: Foul Ball, location: 2F 0-2: Foul Ball, location: 2F 0-2: Ball 1-2: Ground out 4-3 (Groundball, 4, EV 86.3 MPH)
|
Batting: RHB Kai Bellow
|
0-0: Foul Ball, location: 2F 0-1: DOUBLE (Line Drive, 7LM, EV 110.0 MPH)
|
Batting: LHB Jason Peck
|
0-0: Called Strike 0-1: Fly out, F8 (Line Drive, 8RD, EV 108.1 MPH)
|
Top of the 5th over - 0 runs, 1 hit, 0 errors, 1 left on base; New York 1 - Minnesota 0 |
BOTTOM OF THE 5TH |
Minnesota Twins batting - Pitching for New York Yankees : LHP Zach Purvis
|
Batting: RHB Väinö Tapaninen
|
0-0: Bunt - Flyout to 13! F1
|
Batting: RHB Vinny Luna
|
0-0: Ball 1-0: Ball 2-0: Foul Ball, location: 2F 2-1: Ball 3-1: Called Strike 3-2: Fly out, F7 (Line Drive, 7, EV 96.9 MPH)
|
Batting: RHB Yonetoshi Muranaka
|
0-0: Called Strike 0-1: Ground out 5-3 (Groundball, 56S, EV 76.9 MPH)
|
Bottom of the 5th over - 0 runs, 0 hits, 0 errors, 0 left on base; New York 1 - Minnesota 0 |
TOP OF THE 6TH |
New York Yankees batting - Pitching for Minnesota Twins : RHP Steffen Joseph
|
Batting: RHB C.J. Richerson
|
0-0: Ball 1-0: Called Strike 1-1: Foul Ball, location: 2F 1-2: Ground out 6-3 (Groundball, 6, EV 87.5 MPH)
|
Batting: SHB Bartholomeu Chambino
|
0-0: Ball 1-0: Ball 2-0: Ball 3-0: Base on Balls
|
Batting: LHB David Bramble
|
0-0: Ball Bartholomeu Chambino is caught stealing 2nd base 2-6 1-0: Swinging Strike 1-1: Foul Ball, location: 2F 1-2: SOLO HOME RUN (Flyball, 9D, EV 105.6 MPH), Distance : 426 ft
|
Batting: LHB Evan Torraville
|
0-0: Swinging Strike 0-1: Called Strike 0-2: Ball 1-2: Foul Ball, location: 2F 1-2: Ball 2-2: Ball 3-2: Strikes out swinging
|
Top of the 6th over - 1 run, 1 hit, 0 errors, 0 left on base; New York 2 - Minnesota 0 |
BOTTOM OF THE 6TH |
Minnesota Twins batting - Pitching for New York Yankees : LHP Zach Purvis
|
Batting: RHB Jared McClernon
|
0-0: Foul Ball, location: 2F 0-1: Called Strike 0-2: Strikes out swinging
|
Batting: LHB Kevin Bellman
|
0-0: Called Strike 0-1: Ball 1-1: Ball 2-1: Foul Ball, location: 2F 2-2: Ground out 5-3 (Groundball, 56, EV 80.0 MPH)
|
Batting: RHB Jesus Chavez
|
0-0: Foul Ball, location: 2F 0-1: Ground out 1-3 (Groundball, 13, EV 74.4 MPH)
|
Bottom of the 6th over - 0 runs, 0 hits, 0 errors, 0 left on base; New York 2 - Minnesota 0 |
TOP OF THE 7TH |
New York Yankees batting - Pitching for Minnesota Twins : RHP Steffen Joseph
|
Batting: LHB Jim Skare
|
0-0: Ball 1-0: Called Strike 1-1: Fly out, F8 (Flyball, 8LM, EV 90.0 MPH)
|
Batting: RHB Geni Prawiranega
|
0-0: Ball 1-0: Fly out, F7 (Flyball, 78S, EV 92.5 MPH)
|
Batting: LHB Yao-pang Tien
|
0-0: Swinging Strike 0-1: Foul Ball, location: 2F 0-2: Ball 1-2: Foul Ball, location: 2F 1-2: Ball 2-2: Ball 3-2: Strikes out swinging
|
Top of the 7th over - 0 runs, 0 hits, 0 errors, 0 left on base; New York 2 - Minnesota 0 |
BOTTOM OF THE 7TH |
Minnesota Twins batting - Pitching for New York Yankees : LHP Zach Purvis
|
Batting: SHB Buster Hyman
|
0-0: Ball 1-0: DOUBLE (Line Drive, 7LM, EV 106.3 MPH)
|
Pitching: RHP Dave Barry
|
|
Batting: RHB Josh Zoglmann
|
0-0: Called Strike 0-1: Ball 1-1: Ground out 6-3 (Groundball, 6, EV 105.6 MPH)
|
Batting: LHB Sadamu Noguchi
|
0-0: Called Strike 0-1: Foul Ball, location: 2F 0-2: Ball 1-2: Foul Ball, location: 2F 1-2: Ball 2-2: Strikes out looking
|
Batting: RHB Väinö Tapaninen
|
0-0: Ball 1-0: Ball 2-0: Fly out, F8 (Line Drive, 8LD, EV 91.3 MPH)
|
Bottom of the 7th over - 0 runs, 1 hit, 0 errors, 1 left on base; New York 2 - Minnesota 0 |
TOP OF THE 8TH |
New York Yankees batting - Pitching for Minnesota Twins : RHP Steffen Joseph
|
Batting: RHB Kai Bellow
|
0-0: Foul Ball, location: 2F 0-1: Ball 1-1: Ball 2-1: Called Strike 2-2: Strikes out swinging
|
Batting: LHB Jason Peck
|
0-0: Fly out, F9 (Flyball, 9LM, EV 100.6 MPH)
|
Batting: RHB C.J. Richerson
|
0-0: Ball 1-0: SINGLE (Groundball, 34D, EV 106.3 MPH)
|
Batting: SHB Bartholomeu Chambino
|
0-0: Called Strike C.J. Richerson steals 2nd base 0-1: Ball Wild Pitch! C.J. Richerson to third 1-1: Ball 2-1: Called Strike 2-2: Foul Ball, location: 2F 2-2: Ball 3-2: Base on Balls
|
Batting: LHB David Bramble
|
0-0: Fly out, F7 (Flyball, 7LM, EV 101.3 MPH)
|
Top of the 8th over - 0 runs, 1 hit, 0 errors, 2 left on base; New York 2 - Minnesota 0 |
BOTTOM OF THE 8TH |
Minnesota Twins batting - Pitching for New York Yankees : RHP Dave Barry
|
Pitching: RHP Martin Goyer
|
|
Pinch Hitting: LHB Joel Kunkler
|
0-0: Ball 1-0: Ball 2-0: Ball 3-0: Foul Ball, location: 2F 3-1: Base on Balls
|
Pinch Hitting: LHB Sam Dowdy
|
0-0: Called Strike 0-1: Swinging Strike 0-2: Ball 1-2: Ball 2-2: Ball 3-2: Foul Ball, location: 2F 3-2: Fielders Choice at 2nd, 1-4 (Groundball, 15S, EV 66.9 MPH)
|
Batting: RHB Jared McClernon
|
0-0: Ball 1-0: Called Strike 1-1: Ball 2-1: SINGLE (Groundball, 4MD, EV 106.9 MPH) Sam Dowdy to second Runner from 2nd tries for 3rd, SAFE, throw by CF made to third
|
Pitching: LHP Nate Ciccarelli
|
|
Batting: LHB Kevin Bellman
|
0-0: Ball 1-0: Foul Ball, location: 2F 1-1: Called Strike 1-2: Foul Ball, location: 2F 1-2: Fielders Choice at 2nd, 4-6 (Groundball, 4, EV 107.5 MPH) Sam Dowdy scores
|
Batting: RHB Jesus Chavez
|
0-0: Called Strike 0-1: Ball 1-1: Ball 2-1: Ball 3-1: SINGLE (Line Drive, 4MD, EV 95.6 MPH) Kevin Bellman to second
|
Batting: SHB Buster Hyman
|
0-0: SINGLE (Flyball, 9LS, EV 93.8 MPH) Kevin Bellman to third Jesus Chavez to second Runner from 3rd tries for Home, SAFE, throw by RF to home
|
Batting: RHB Josh Zoglmann
|
0-0: Fly out, F9 (Flyball, 89D, EV 75.0 MPH)
|
Bottom of the 8th over - 2 runs, 3 hits, 0 errors, 2 left on base; New York 2 - Minnesota 2 |
TOP OF THE 9TH |
New York Yankees batting - Pitching for Minnesota Twins : RHP Steffen Joseph
|
Pitching: RHP Mario Arce
|
|
Now at 2B: Sam Dowdy
|
|
Now at 3B: Kevin Bellman
|
|
Now in LF: Sadamu Noguchi
|
|
Now in RF: Joel Kunkler
|
|
Batting: LHB Evan Torraville
|
0-0: Ball 1-0: Foul Ball, location: 2F 1-1: Swinging Strike 1-2: Ball 2-2: Foul Ball, location: 2F 2-2: Foul Ball, location: 2F 2-2: Strikes out swinging
|
Batting: LHB Jim Skare
|
0-0: Called Strike 0-1: Ball 1-1: Ball 2-1: Ground out 4-3 (Groundball, 4, EV 86.9 MPH)
|
Pinch Hitting: LHB Jordan de Jesus
|
0-0: Called Strike 0-1: Ball 1-1: SINGLE (Line Drive, 8RS, EV 108.8 MPH)
|
Batting: LHB Yao-pang Tien
|
0-0: Ball Jordan de Jesus steals 2nd base 1-0: Ball 2-0: Ball 3-0: Base on Balls
|
Pinch Hitting: SHB Billy Durham
|
0-0: Ball 1-0: Foul Ball, location: 2F 1-1: Called Strike 1-2: Strikes out swinging
|
Top of the 9th over - 0 runs, 1 hit, 0 errors, 2 left on base; New York 2 - Minnesota 2 |
BOTTOM OF THE 9TH |
Minnesota Twins batting - Pitching for New York Yankees : LHP Nate Ciccarelli
|
Now at C: Billy Durham
|
|
Now at 1B: Jordan de Jesus
|
|
Pinch Hitting: RHB José Molina
|
0-0: Ball 1-0: Ball 2-0: SINGLE (Line Drive, 89S, EV 91.9 MPH)
|
Batting: RHB Väinö Tapaninen
|
0-0: Called Strike 0-1: Fly out, F6 (Line Drive, 6, EV 68.8 MPH)
|
Batting: LHB Joel Kunkler
|
0-0: Ball 1-0: Ball 2-0: Foul Ball, location: 2F 2-1: Called Strike 2-2: Strikes out swinging
|
Batting: LHB Sam Dowdy
|
0-0: Ball 1-0: Ball 2-0: Called Strike 2-1: Foul Ball, location: 2F 2-2: Strikes out swinging
|
Bottom of the 9th over - 0 runs, 1 hit, 0 errors, 1 left on base; New York 2 - Minnesota 2 |
TOP OF THE 10TH |
New York Yankees batting - Pitching for Minnesota Twins : RHP Mario Arce
|
Now in LF: Gerardo Flores
|
|
Batting: LHB Jason Peck
|
0-0: Ball 1-0: Ball 2-0: Ground out U3 (Groundball, 3, EV 83.8 MPH)
|
Batting: RHB C.J. Richerson
|
0-0: DOUBLE (Line Drive, 9LS, EV 95.0 MPH)
|
Batting: SHB Bartholomeu Chambino
|
0-0: Ball 1-0: SINGLE (Groundball, 5L, EV 97.5 MPH) C.J. Richerson to third Runner from 3rd tries for Home, SAFE, throw by LF to home
|
Batting: LHB David Bramble
|
0-0: Called Strike 0-1: Called Strike 0-2: Grounds into double play, 4-6-3 (Groundball, 4, EV 88.8 MPH)
|
Top of the 10th over - 1 run, 2 hits, 0 errors, 0 left on base; New York 3 - Minnesota 2 |
BOTTOM OF THE 10TH |
Minnesota Twins batting - Pitching for New York Yankees : LHP Nate Ciccarelli
|
Pitching: LHP Robert Cruz
|
|
Now in LF: David Bramble
|
|
Now in CF: Alejandro Soriano
|
|
Now in RF: Evan Torraville
|
|
Batting: RHB Jared McClernon
|
0-0: Ball 1-0: Swinging Strike 1-1: Ball 2-1: Foul Ball, location: 2F 2-2: SINGLE (Line Drive, 78S, EV 103.1 MPH)
|
Pitching: RHP Jose Tavira
|
|
Batting: LHB Kevin Bellman
|
0-0: Ball 1-0: Ball 2-0: Ball 3-0: Base on Balls Jared McClernon to second
|
Batting: RHB Jesus Chavez
|
0-0: Foul Ball, location: 2F 0-1: Foul Ball, location: 2F 0-2: SINGLE (Line Drive, 56, EV 96.9 MPH) Jared McClernon to third Kevin Bellman to second Runner from 3rd tries for Home, throw by LF and OUT! 7-2
|
Batting: SHB Buster Hyman
|
0-0: Ball 1-0: Ball 2-0: Ball 3-0: Base on Balls Kevin Bellman to third Jesus Chavez to second
|
Batting: RHB Josh Zoglmann
|
0-0: Ball 1-0: Foul Ball, location: 2F 1-1: Grounds into fielders choice 5-2 (Groundball, 56S, EV 69.4 MPH) Jesus Chavez to third Buster Hyman to second
|
Batting: LHB Gerardo Flores
|
0-0: SINGLE (Line Drive, 6M, EV 109.4 MPH) Jesus Chavez scores Buster Hyman to third Josh Zoglmann to second Runner from 3rd tries for Home, SAFE, throw by CF to home
|
Bottom of the 10th over - 2 runs, 3 hits, 0 errors, 0 left on base; New York 3 - Minnesota 4 |
|
Game Over ... Minnesota defeats New York, 4 to 3
|
|
|